cohdb
Replays
Latest Replays
All Replays
Popular Replays
Top Player Replays
Match Explorer
How It Works
Community
CoH3 Stats
Reddit
Sign in to upload your games and track your stats! →
Sign in with Steam
Match 45505512
Unlisted
Match 45505512
Overview
Messages
Build Orders
End
250 Light Carrier
Panzerpioneer Squad
Selects Italian Infantry
250 Light Carrier
Construct Light Support Kompanie
Selects Defensive Operations
Combat Half-tracks
Construct Mechanized Kompanie
Selects Guastatori Squad
Guastatori Squad
Marder III Tank Destroyer
Guastatori Squad
2.5-tonne Medical Truck
Marder III Tank Destroyer
Selects Prepared Positions
Construct Panzerarmee Kommand
Flak 36 Anti-tank Gun Team
Tungsten Core Ammunition
Armored Reserves
Selects Obice 305mm Barrage
Obice 305mm Barrage
Obice 305mm Barrage
Snort_lines_fuck_dimes
Malerenthius
◯ | Graffiter
polo2B
Ursa Major
Nap
0
0
Comments
sign in to comment!
No comments posted yet!